 Dungeon Crawl Stone Soup version 0.18-a0-1521-g59d19af (webtiles) character file.

230 Gorice the Cudgeler (level 5, -2/61 HPs)
             Began as a Demonspawn Abyssal Knight on Mar 7, 2016.
             Was a Priest of Lugonu.
             Slain by a river rat (6 damage)
             ... summoned by Eustachio
             ... on level 3 of the Dungeon.
             The game lasted 00:14:00 (3706 turns).

Gorice the Cudgeler (Demonspawn Abyssal Knight)     Turns: 3706, Time: 00:14:00

Health: -2/61      AC: 22    Str: 19    XL:     5   Next: 72%
Magic:  2/6        EV:  2    Int: 13    God:    Lugonu [***...]
Gold:   156        SH:  0    Dex: 12    Spells: 0 memorised, 4 levels left

rFire  . . .     SeeInvis .     a - +1 mace
rCold  + . .     Gourm    .     (armour currently unavailable)
rNeg   + + +     Faith    .     (no shield)
rPois  +         Spirit   .     (helmet currently unavailable)
rElec  .         Dismiss  .     (cloak currently unavailable)
rCorr  .         Reflect  .     (gloves currently unavailable)
SustAt .         Harm     .     (boots currently unavailable)
MR     .....     NoTele   +     (no amulet)
Stlth  +.........               (no ring)
                                l - ring of protection from cold

@: mighty, tree-form, not resistant to hostile enchantments, very unstealthy
A: (claws 0), (sturdy frame 0)
a: Depart the Abyss, Bend Space, Banish, Renounce Religion


You were on level 3 of the Dungeon.
You worshipped Lugonu.
Lugonu was most pleased with you.
You were hungry.
You were a tree.
You visited 1 branch of the dungeon, and saw 4 of its levels.
You visited the Abyss 1 time.

You collected 156 gold pieces.

Inventory:

Hand Weapons
 a - a +1 mace (weapon)
 b - a +1 hunting sling of freezing
   (You found it on level 3 of the Dungeon)
 d - a +0 whip
 C - a +0 mace of protection
   (You found it on level 3 of the Dungeon)
Missiles
 m - 8 sling bullets
 q - 16 poisoned needles
 Z - 72 stones (quivered)
Armour
 u - a +0 ring mail (melded)
 x - a +2 leather armour of fire resistance
   (You found it on level 3 of the Dungeon)
 B - a +2 cloak (melded)
Jewellery
 l - a ring of protection from cold (left branch)
Scrolls
 g - 2 scrolls of fog
 r - 3 scrolls of teleportation {!r}
 s - a scroll of noise {!r}
Potions
 h - 2 potions of lignification {!q}
 i - 2 potions of haste {!q}
 n - a potion of flight {unknown}
 p - 2 potions of brilliance {unknown}
 t - a potion of curing {unknown}
 w - a potion of might {!q}
 z - 2 potions of cure mutation {!q}
Comestibles
 c - 4 bread rations {!e}
 k - 4 meat rations {!e}
 v - a beef jerky
 y - a chunk of flesh


   Skills:
 - Level 3.0 Fighting
 * Level 5.5 Maces & Flails
 - Level 1.8 Armour
 - Level 0.8 Dodging
 - Level 2.5 Invocations


You had 4 spell levels left.
You didn't know any spells.

Dungeon Overview and Level Annotations

Branches:
Dungeon (4/15)
 Temple: D:4-7

Altars:

Annotations:
D:3 Eustachio
D:4 Sigmund


Innate Abilities, Weirdness & Mutations

((You have very sharp fingernails.))
((Your movements are slightly less encumbered by armour (ER -2).))


Message History

The bat hits you but does no damage.
Eustachio mumbles some strange words.
Eustachio blinks!
The river rat bites you but does no damage.
The rat bites you but does no damage.
The ufetubus hits you but does no damage. x2
Unknown command.
Unknown command.
Unknown command.
Unknown command.
Unknown command.
Unknown command.
Unknown command.
Unknown command.
Unknown command.
Unknown command.
Unknown command.
Drink which item? (? for menu, Esc to quit)
It was a potion of cure mutation.
It has a very clean taste.
The bat hits you but does no damage. x2
The ufetubus hits you but does no damage. x2
The river rat bites you but does no damage.
The rat bites you but does no damage.
Drink which item? (? for menu, Esc to quit)
It was a potion of might.
You feel very mighty all of a sudden. The bat hits you but does no damage. x2
The ufetubus hits you but does no damage. x2
The river rat bites you but does no damage.
The rat bites you but does no damage.
The ufetubus hits you but does no damage. x2
You are too injured to fight recklessly!
You are too injured to fight recklessly!
You are too injured to fight recklessly!
You are too injured to fight recklessly!
You are too injured to fight recklessly!
You are too injured to fight recklessly!
You are too injured to fight recklessly!
You are too injured to fight recklessly!
You miss the ufetubus. The bat hits you but does no damage.
The ufetubus hits you but does no damage. x2
The river rat bites you but does no damage.
The bat hits you but does no damage. The rat bites you but does no damage.
The ufetubus hits you but does no damage. x2
You sock the ufetubus!
You kill the ufetubus!
The bat hits you.
* * * LOW HITPOINT WARNING * * *
The bat hits you but does no damage. The river rat bites you.
You die...

#.......................##.#≈##≈#
...#.....<.......)....#....#≈####
...##.###.....#)....#.###..##≈≈≈≈
...##.# #######...@##.####..#####
...##.#########..#.##...#....####
...##..............<....#.##.....
############.........#....##.####
#....b§b....#...##...##
#....(♣.(...#.....##...
#....r.r....#.....###.#
##.....(...#..........#
##...#...##.......##..
####.######.......###.
#........##...........
#........#.........###
#)>......#.###....####
#..............#### #.


You could see Eustachio, a river rat, 2 bats and a rat.

Vanquished Creatures
  Crazy Yiuf (D:3)
  Jessica (D:3)
  Natasha (D:2)
  6 adders
  A river rat (D:3)
  2 worms
  2 dart slugs
  3 giant geckos
  8 giant cockroaches
  10 goblins
  5 hobgoblins
  5 jackals
  10 kobolds
  A quokka (D:3)
  A ball python (D:2)
  8 bats
  2 giant newts
  12 rats
79 creatures vanquished.

Notes
Turn   | Place    | Note
--------------------------------------------------------------
     0 | Abyss:1  | Gorice the Demonspawn Abyssal Knight began the quest for the Orb.
     0 | Abyss:1  | Reached XP level 1. HP: 18/18 MP: 2/2
    13 | D:1      | Escaped the Abyss
    28 | D:1      | Reached skill level 2 in Maces & Flails
    51 | D:1      | HP: 5/18 [kobold/whip (3)]
   313 | D:1      | Gained mutation: You have sharp fingernails. [demonic ancestry]
   313 | D:1      | Reached XP level 2. HP: 21/24 MP: 3/3
   422 | D:1      | Reached ** piety under Lugonu
   726 | D:1      | Reached skill level 3 in Maces & Flails
   777 | D:1      | Reached XP level 3. HP: 29/29 MP: 4/4
  1602 | D:3      | Noticed Jessica
  1606 | D:3      | Noticed Natasha
  1616 | D:2      | Gained mutation: Your movements are slightly less encumbered by armour (ER -2). [demonic ancestry]
  1616 | D:2      | Reached XP level 4. HP: 10/35 MP: 5/5
  2247 | D:2      | Killed Natasha
  2247 | D:2      | Reached skill level 4 in Maces & Flails
  2291 | D:3      | Killed Jessica
  2291 | D:3      | Reached *** piety under Lugonu
  2423 | D:3      | Gained mutation: You have very sharp fingernails. [demonic ancestry]
  2423 | D:3      | Reached XP level 5. HP: 38/41 MP: 6/6
  2592 | D:3      | Reached skill level 5 in Maces & Flails
  2952 | D:3      | Noticed Crazy Yiuf
  2972 | D:3      | Killed Crazy Yiuf
  2983 | D:3      | HP: 12/41 [poisoned by Crazy Yiuf]
  2988 | D:3      | HP: 11/41 [poisoned by Crazy Yiuf]
  2994 | D:3      | HP: 9/41 [poisoned by Crazy Yiuf]
  3003 | D:3      | HP: 8/41 [poisoned by Crazy Yiuf]
  3009 | D:3      | HP: 8/41 [poisoned by Crazy Yiuf]
  3014 | D:3      | HP: 7/41 [poisoned by Crazy Yiuf]
  3630 | D:4      | Noticed Eustachio
  3653 | D:4      | Noticed Sigmund
  3689 | D:3      | HP: 10/41 [ufetubus[Eustachio] (3)]
  3695 | D:3      | HP: 12/61 [ufetubus[Eustachio] (3)]
  3700 | D:3      | HP: 5/61 [ufetubus[Eustachio] (3)]
  3706 | D:3      | HP: 4/61 [bat[Eustachio] (1)]
  3706 | D:3      | Slain by a river rat

Vault maps used:
D:1:      scummos_arrival_simple_fountains
D:2:      minmay_misc_feat_enclosed
D:3:      first_bread, gup_sewer_entry_spiral, uniq_crazy_yiuf_cottage,
          uniq_jessica, uniq_natasha
D:4:      grunt_temple_overflow_cloverleaf, uniq_sigmund, uniq_eustachio,
          uniq_menkaure

Skill      XL: |  1  2  3  4  5 |
---------------+----------------+-----
Maces & Flails | 2 3 4 5 |  5.5
Fighting       | |  3.0
Armour         | |  1.8
Dodging        | |  0.8
Invocations    | |  2.5

Action                   |  1- 3 |  4- 6 || total
-------------------------+-------+-------++-------
Melee: Mace              |   122 |   167 ||   289
 Fire: Hunting sling     |       |    14 ||    14
Throw: Stone             |     6 |    27 ||    33
Invok: Banish            |       |     1 ||     1
  Use: Scroll            |     7 |     2 ||     9
       Potion            |       |     3 ||     3
 Stab: Sleeping          |     1 |       ||     1
  Eat: Chunk             |     2 |     7 ||     9

Table legend:
 A = Turns spent in this place as a percentage of turns spent in the entire game.
 B = Non-inter-level travel turns spent in this place as a percentage of non-inter-level travel turns spent in the entire game.
 C = Inter-level travel turns spent in this place as a percentage of turns spent in this place.
 D = Turns resting spent in this place as a percentage of non-inter-level travel turns spent in this place.
 E = Turns spent auto-exploring this place as a percentage of non-inter-level travel turns spent in this place.
 F = Non-inter-level travel turns spent in this place divided by the number of levels of this place that you've seen.
                   A       B       C       D       E      F
               +-------+-------+-------+-------+-------+----------------------
         Total | 100.0 | 100.0 |   0.7 |   1.9 |   3.8 | 273.4
       Dungeon |  99.1 |  99.0 |   0.7 |   1.9 |   3.8 | 338.5
         Abyss |   0.9 |   1.0 |   0.0 |   0.0 |   0.0 |  13.0
               +-------+-------+-------+-------+-------+----------------------

Vault maps used:
D:1:      scummos_arrival_simple_fountains
D:2:      minmay_misc_feat_enclosed
D:3:      first_bread, gup_sewer_entry_spiral, uniq_crazy_yiuf_cottage,
          uniq_jessica, uniq_natasha
D:4:      grunt_temple_overflow_cloverleaf, uniq_sigmund, uniq_eustachio,
          uniq_menkaure
